Map: Abyssal Reef LE

Players

birdy

  • Race: Zerg Zerg
  • League: Master
  • Spawn Location: 11:00

Railgan - Winner!

  • Race: Terran Terran
  • League: Grandmaster
  • Spawn Location: 5:00

VOD

Have the link to the VOD?

Description

Time

  • Played on: Feb. 27, 2017, 10:50 a.m.
  • Length: 12:47
Show
View Real Time Build Order
Export as new Build Order

birdy Zerg 

Build Orders: Hatch First, Swarm Host 

Get SALT Encoding   

  12  0:01  Drone  
  13  0:12  Overlord  
  13  0:17  Drone  
  14  0:31  Drone x2  
  16  0:37  Drone  
  17  0:52  Hatchery  
  17  0:55  Drone  
  17  0:59  Drone  
  18  1:11  Extractor  
  18  1:15  Spawning Pool  
  18  1:17  Drone  
  17  1:21  Drone  
  18  1:30  Drone  
  19  1:40  Overlord  
  19  2:02  Queen  
  19  2:03  Zergling x2  
  19  2:04  Zergling x2  
  19  2:05  Queen  
  19  2:06  Drone  
  26  2:11  Drone, Metabolic Boost  
  27  2:33  Drone  
  27  2:34  Overlord  
  27  2:35  Overlord  
  28  2:50  Hatchery  
  27  2:52  Drone x2  
  27  2:54  Drone  
  27  2:57  Drone  
  31  3:06  Drone x3  
  34  3:13  Drone x2  
  34  3:19  Drone x3  
  39  3:21  Drone  
  40  3:29  Drone x3  
  40  3:31  Pneumatized Carapace  
  43  3:43  Overlord x2  
  42  3:55  Queen  
  44  4:03  Extractor x2  
  44  4:04  Roach Warren  
  44  4:06  Zergling x16  
  44  4:09  Queen  
  50  4:17  Queen  
  50  4:20  Overlord x2  
  52  4:30  Drone x2  
  54  4:41  Queen  
  54  4:44  Roach x4  
  64  4:46  Roach  
  66  5:01  Roach  
  66  5:02  Roach x3  
  66  5:04  Queen  
  76  5:07  Queen  
  76  5:11  Drone x2  
  76  5:13  Drone  
  81  5:14  Overlord  
  81  5:29  Overlord  
  81  5:30  Overlord  
  81  5:34  Roach x4  
  89  5:49  Roach x5  
  101  5:50  Roach  
  101  5:56  Drone x4  
  101  5:57  Drone  
  106  6:02  Lair  
  105  6:14  Drone  
  105  6:17  Evolution Chamber  
  105  6:18  Evolution Chamber  
  101  6:28  Drone  
  101  6:29  Drone x4  
  106  6:42  Zerg Missile Weapons Level 1  
  106  6:43  Zerg Ground Armor Level 1  
  106  6:49  Overlord x5  
  106  7:06  Infestation Pit  
  106  7:07  Extractor, Drone  
  105  7:14  Glial Reconstitution  
  105  7:15  Drone  
  105  7:16  Drone x3  
  105  7:17  Drone x11  
  105  7:19  Drone  
  121  7:27  Drone x3  
  123  7:33  Overlord x3  
  123  7:35  Extractor  
  123  7:36  Extractor  
  121  7:45  Overseer  
  121  7:50  Swarm Host  
  121  7:51  Swarm Host x5  
  136  8:04  Zergling x20  
  144  8:17  Ravager x4  
  128  8:35  Swarm Host x4  
  121  8:58  Swarm Host x5  
  126  9:18  Swarm Host x4  
  126  9:21  Hatchery  
  137  9:30  Queen  
  139  9:32  Queen  
  139  9:36  Overlord x3  
  140  9:54  Extractor  
  140  9:58  Extractor  
  131  10:05  Hydralisk Den  
  91  10:34  Spore Crawler  
  91  10:35  Spore Crawler  
  77  10:39  Hydralisk x15  
  84  10:59  Drone x5  
  83  11:12  Drone x5  
  88  11:21  Queen  
  88  11:22  Drone x7  
  88  11:23  Queen x2  
  88  11:25  Hatchery  
  94  11:42  Swarm Host x4  
  103  12:05  Hydralisk x4  
  103  12:06  Hydralisk  
Show
View Real Time Build Order
Export as new Build Order

Railgan Terran - Winner!

Build Orders: Mech 

Get SALT Encoding   

  12  0:02  SCV  
  13  0:14  SCV  
  14  0:17  Supply Depot  
  14  0:26  SCV  
  15  0:39  SCV  
  15  0:40  Barracks  
  16  0:51  SCV  
  16  0:57  Refinery  
  17  1:03  SCV  
  18  1:15  SCV  
  19  1:27  Orbital Command  
  19  1:28  Marine  
  20  1:40  Command Center  
  20  1:45  Marine  
  21  1:54  SCV  
  21  1:55  Supply Depot  
  22  2:06  SCV  
  23  2:09  Factory  
  23  2:16  Marine  
  23  2:18  SCV  
  25  2:25  Refinery  
  25  2:30  SCV  
  25  2:33  Bunker  
  26  2:37  Marine  
  26  2:43  SCV  
  28  2:45  Factory  
  28  2:54  Factory Reactor  
  28  2:56  Marine, SCV  
  30  3:00  Orbital Command  
  30  3:08  SCV  
  31  3:14  Barracks Tech Lab  
  31  3:20  SCV  
  33  3:27  SCV  
  33  3:29  Cyclone  
  33  3:32  Hellion, SCV  
  41  3:35  Cyclone  
  41  3:39  SCV  
  43  3:44  SCV  
  44  3:54  Factory  
  44  3:56  SCV x2  
  46  4:18  Command Center  
  46  4:24  Supply Depot  
  46  4:25  Supply Depot  
  46  4:27  Factory Reactor, Supply Depot  
  46  4:32  Starport  
  46  4:34  Refinery x2  
  53  4:45  Siege Tank, SCV x2  
  53  4:46  Hellion  
  53  4:47  Engineering Bay  
  53  4:57  SCV x2  
  57  5:07  Hellion x3  
  57  5:08  Widow Mine  
  57  5:10  SCV x2  
  63  5:16  Armory  
  63  5:21  Starport Reactor  
  63  5:22  SCV x2  
  63  5:24  Siege Tank  
  68  5:34  SCV x2  
  68  5:35  Orbital Command  
  70  5:42  Widow Mine x2  
  70  5:46  SCV x2  
  76  5:55  Factory  
  76  5:56  Siege Tank  
  79  5:57  Supply Depot  
  79  5:58  Supply Depot, SCV  
  79  6:03  Hellion  
  82  6:08  Terran Vehicle Weapons Level 1  
  82  6:09  Supply Depot  
  82  6:12  SCV  
  82  6:14  Liberator  
  83  6:22  Orbital Command  
  79  6:28  Siege Tank  
  79  6:29  Hellion x4  
  89  6:35  SCV x2  
  91  6:44  Liberator  
  91  6:51  SCV  
  91  6:52  SCV  
  93  6:58  Hellion x2  
  93  6:59  Factory Tech Lab, Orbital Command  
  93  7:00  Cyclone x2  
  106  7:15  SCV  
  106  7:21  Supply Depot  
  107  7:22  Supply Depot  
  107  7:23  Supply Depot x2  
  107  7:25  Liberator  
  107  7:26  SCV x2  
  109  7:42  Cyclone  
  109  7:43  Hellion  
  117  7:44  Cyclone, Hellion, SCV x3  
  117  7:46  Supply Depot  
  117  7:47  Supply Depot  
  125  7:52  Siege Tank  
  125  7:54  Siege Tank  
  125  7:56  SCV x3  
  130  8:07  Hellion  
  130  8:08  Hellion, SCV x3  
  134  8:20  SCV x2  
  134  8:23  Liberator x2  
  134  8:24  Siege Tank  
  131  8:42  Hellion x5  
  131  8:44  SCV x2  
  129  9:00  SCV x3  
  130  9:06  Liberator  
  130  9:07  Refinery  
  130  9:09  Refinery  
  121  9:12  SCV x2  
  121  9:13  Siege Tank x2, Hellion  
  121  9:14  Hellion x3  
  140  9:24  SCV  
  140  9:27  Command Center  
  140  9:28  SCV  
  140  9:29  SCV  
  140  9:31  Command Center  
  141  9:35  Supply Depot  
  141  9:42  Infernal Pre-Igniter  
  139  9:54  Siege Tank  
  139  9:55  Hellion x2  
  116  10:24  SCV  
  116  10:25  SCV x2  
  116  10:26  Siege Tank  
  116  10:27  Siege Tank  
  127  10:28  Hellion x2  
  124  10:36  SCV  
  124  10:37  SCV x2  
  127  10:48  SCV  
  127  10:49  SCV x2  
  124  10:51  Hellion x4, Liberator x2  
  122  10:58  Siege Tank  
  122  10:59  Siege Tank  
  122  11:01  SCV x3  
  128  11:05  Orbital Command  
  128  11:07  Orbital Command  
  128  11:12  Hellion  
  128  11:13  Hellion, SCV x3  
  128  11:14  Starport  
  128  11:15  Factory  
  128  11:16  Factory  
  128  11:17  Hellion x2  
  139  11:25  SCV x3  
  142  11:30  Siege Tank  
  142  11:31  Siege Tank  
  148  11:34  Orbital Command  
  148  11:40  Liberator x2  
  148  11:48  Hellion x4  
  156  11:55  Starport Reactor  
  162  12:03  Hellion, Thor  
  170  12:10  Factory Tech Lab x2  
Tags
 
Add a new tag
Caveats
  • Supply blocks, unpowered buildings, or Contaminate may cause inaccurate times.
  • Supply counts are checked every 10 seconds.